 Dungeon Sprint DCSS version 0.29-a0-495-g17b79114eb (webtiles) character file.

Game seed: 7807861761751830614

2600000 greenreed the Conqueror (level 19, -45/174 HPs)
             Began as a Djinni Monk on May 27, 2022.
             Was a Believer of Makhleb.
             Annihilated by a meat berserker
             ... wielding a +9 battleaxe
              (60 damage)
             ... in the Dungeon (Sprint VIII: "Arena of Blood").
             The game lasted 00:01:38 (26 turns).

greenreed the Conqueror (Djinni Monk)                 Turns: 26, Time: 00:01:38

Health: -45/174    AC:  2    Str: 10    XL:     19   Next: 91%
Gold:   0          EV: 37    Int: 12    God:    Makhleb [**....] SH:  0 Dex: 24

rFire   + + .      SeeInvis .   i - +∞ Axe of Woe
rCold   x . .      Faith    .   (shield currently unavailable)
rNeg    . . .      Spirit   .   b - +0 robe
rPois   ∞          Reflect  .   (no helmet)
rElec   .          Harm     .   (no cloak)
rCorr   .          Rampage  .   (no gloves)
Will    +....      NoTele   +   (boots unavailable)
Stlth   +++++++++.              (no amulet)
HPRegen 0.39/turn               (no ring)
MPRegen 0.00/turn               (no ring)

@: flying
A: sickness immunity, fire resistance 2, cold vulnerability 1, float, innate
caster, HP casting, extra vitality 1
a: Renounce Religion, Minor Destruction


You were in the Dungeon.
You worshipped Makhleb.
Makhleb was pleased with you.
You visited 1 branch

Inventory:

Hand Weapons
 a - a +0 hand axe
 i - the +∞ Axe of Woe (weapon)
   (You found it in the Dungeon)
Armour
 b - a +0 robe (worn)
Scrolls
 h - a scroll of blinking
Potions
 c - a potion of ambrosia
 d - a potion of curing
 e - a potion of heal wounds
 f - a potion of haste
 g - a potion of berserk rage


   Skills:
 O Level 27 Fighting
 O Level 27 Axes
 O Level 27 Dodging
 + Level 22.2 Stealth
 O Level 27 Spellcasting


You had 33 spell levels left.
You knew the following spells:

 Your Spells              Type           Power      Damage    Failure   Level
a - Necrotize             Necr           100%       1d9       0%          1
b - Wereblood             Tmut           69%        N/A       0%          2
c - Lesser Beckoning      Tloc           69%        N/A       0%          3
d - Teleport Other        Tloc           69%        N/A       0%          3
e - Alistair's Intoxicat  Tmut/Pois      46%        N/A       0%          5
f - Irradiate             Conj/Tmut      34%        3d24      0%          5
g - Dispersal             Tloc           34%        N/A       0%          6
h - Dragon Form           Tmut           34%        N/A       1%          7
i - Storm Form            Tmut/Air       34%        N/A       1%          7
Your spell library was empty.

Dungeon Overview and Level Annotations

Branches:
Dungeon (1/1)

Altars:
Makhleb


Innate Abilities, Weirdness & Mutations

You are immune to sickness and miasma.
You are immune to poison.
Your flesh is very heat resistant. (rF++)
You are vulnerable to cold. (rC-)
You float through the air rather than walking.
You learn spells naturally, not from books.
Your magical power is your life essence.
You have superior vitality. (+4 MHP)


Message History

You hear a shout! x9
Your Stealth skill increases to level 18!
You have mastered Spellcasting!
A bag of meat comes into view. It is wielding a +9 war axe.
The bag of meat shouts!
You hear a shout!
You hear two shouts!
You hear a shout! x3
A bag of meat comes into view. It is wielding a +9 war axe.
The bag of meat is engulfed in blazing flames.
The bag of meat hits you with a +9 war axe!!
* * * LOW HITPOINT WARNING * * *
You hear a shout! x5
The bag of meat moves out of view.
You hear a shout!
There is a burning altar of Makhleb, spattered with blood here.
Things that are here:
a +9 war axe; a +30 ring of slaying; a bag of meat corpse You hit the bag of meat but do no damage.
You fatally mangle the bag of meat.
You kill the bag of meat!
You slash the bag of meat!
You cleave the bag of meat in twain.
You kill the bag of meat!
You hear a shout! x4
A bag of meat comes into view. It is wielding a +9 war axe.
You hear a shout!
A bag of meat comes into view. It is wielding a +9 war axe.
You hear a shout! x2
Your Stealth skill gained 4 levels and is now at level 22!
Unknown command.
Press < or > to pray at altars.
You hover solemnly before the altar of Makhleb.
Makhleb welcomes you!
You can now gain health from killing.
You can now harness Makhleb's destructive might.
The destroyer appears out of thin air!
A destroyer comes into view. It is wielding a +9 vorpal great sword.
The meat berserker is engulfed in blazing flames.
The meat berserker rages.
You hear a shout! x4
The meat berserker hits you with a +9 battleaxe!!!
You die...

V......... ...
....o.... ...
#.......# ....
#.......# .....
.###.......###.....
......###))))......
......_.Oo))......
..#..§§§#)).....#
#_.§O@#)o......
#..§§§#......#.
....._......o....
......###.........#
.###.. ...###.....
#.. ...# ..... #.
o..# ..... .. .Vo..


You could see a destroyer (wandering), 2 meat berserkers and 4 bags of meat.

Vanquished Creatures
  10 ogres (D)
  A two-headed ogre (D)
  12 orcs (D)
23 creatures vanquished.

Notes
Turn   | Place    | Note
-------+----------+-------------------------------------------
     0 | D        | Found the +∞ Axe of Woe
     0 | D        | greenreed the Djinni Monk began the quest for the Orb.
     0 | D        | Reached XP level 1. HP: 20/20 MP: 0/0
     3 | D        | Noticed a bag of meat
     3 | D        | Noticed a bag of meat
     4 | D        | Noticed a meat berserker
     4 | D        | Noticed a bag of meat
     4 | D        | Noticed a meat berserker
     4 | D        | Noticed a bag of meat
     5 | D        | Noticed a bag of meat
     5 | D        | Noticed a bag of meat
     6 | D        | Killed a meat berserker
     6 | D        | Killed a bag of meat
     6 | D        | Noticed a meat berserker
     6 | D        | Noticed a meat berserker
     7 | D        | Reached XP level 2. HP: 48/48 MP: 0/0
     7 | D        | Reached XP level 3. HP: 53/53 MP: 0/0
     7 | D        | Learned a level 1 spell: Necrotize
     7 | D        | Reached XP level 4. HP: 60/60 MP: 0/0
     7 | D        | Reached XP level 5. HP: 66/66 MP: 0/0
     7 | D        | Learned a level 2 spell: Wereblood
     7 | D        | Reached XP level 6. HP: 72/72 MP: 0/0
     7 | D        | Reached XP level 7. HP: 78/78 MP: 0/0
     7 | D        | Learned a level 3 spell: Lesser Beckoning
     7 | D        | Reached XP level 8. HP: 85/85 MP: 0/0
     7 | D        | Reached XP level 9. HP: 90/90 MP: 0/0
     7 | D        | Learned a level 3 spell: Teleport Other
     7 | D        | Reached XP level 10. HP: 97/97 MP: 0/0
     7 | D        | Reached XP level 11. HP: 103/103 MP: 0/0
     7 | D        | Learned a level 5 spell: Alistair's Intoxication
     7 | D        | Reached XP level 12. HP: 109/109 MP: 0/0
     7 | D        | Reached XP level 13. HP: 115/115 MP: 0/0
     7 | D        | Learned a level 5 spell: Irradiate
     7 | D        | Killed a bag of meat
     7 | D        | Killed a meat berserker
     7 | D        | Noticed a meat berserker
     8 | D        | Reached XP level 14. HP: 128/128 MP: 0/0
     8 | D        | Killed a bag of meat
     8 | D        | Killed a bag of meat
     8 | D        | Noticed a bag of meat
     8 | D        | Noticed a bag of meat
     9 | D        | Reached XP level 15. HP: 137/137 MP: 0/0
     9 | D        | Learned a level 6 spell: Dispersal
     9 | D        | Noticed a meat berserker
    11 | D        | Killed a meat berserker
    11 | D        | Killed a meat berserker
    11 | D        | Noticed a meat berserker
    11 | D        | Noticed a meat berserker
    11 | D        | Noticed a meat berserker
    12 | D        | Reached XP level 16. HP: 113/151 MP: 0/0
    12 | D        | Killed a meat berserker
    12 | D        | Noticed a meat berserker
    13 | D        | Reached skill level 27 in Fighting
    13 | D        | Reached XP level 17. HP: 120/160 MP: 0/0
    13 | D        | Learned a level 7 spell: Dragon Form
    14 | D        | Killed a meat berserker
    15 | D        | Reached skill level 27 in Dodging
    15 | D        | Reached skill level 10 in Spellcasting
    16 | D        | Reached skill level 27 in Axes
    16 | D        | Reached skill level 10 in Stealth
    16 | D        | Killed a meat berserker
    17 | D        | Reached skill level 15 in Spellcasting
    17 | D        | Killed a meat berserker
    17 | D        | Killed a meat berserker
    18 | D        | Reached XP level 18. HP: 127/167 MP: 0/0
    20 | D        | Reached skill level 15 in Stealth
    20 | D        | Killed a meat berserker
    20 | D        | Noticed a meat berserker
    21 | D        | Reached XP level 19. HP: 55/174 MP: 0/0
    21 | D        | Learned a level 7 spell: Storm Form
    21 | D        | Noticed a large bag of meat
    21 | D        | Noticed a destroyer
    22 | D        | Killed a large bag of meat
    22 | D        | Noticed a meat berserker
    24 | D        | Reached skill level 27 in Spellcasting
    26 | D        | Became a worshipper of Makhleb the Destroyer
    26 | D        | Reached * piety under Makhleb
    26 | D        | Reached ** piety under Makhleb
    26 | D        | Annihilated by a meat berserker

Illustrated notes

Levels and vault maps discovered:
D:        meatsprint

Skill      XL: |  1  2  3  4  5  6  7  8  9 10 11 12 13 14 15 16 17 18 19 |
---------------+----------------------------------------------------------+-----
Fighting       | 18 21 22 25 27 | 27.0
Axes           | 16 19 20 23 25 27 | 27.0
Dodging        | 19 22 24 25 26 27 | 27.0
Stealth        | 6 7 8 9 14 15 22 | 22.2
Spellcasting   | 6 8 21 25 27 | 27.0

Action                   |  1- 3 |  4- 6 |  7- 9 | 10-12 | 13-15 | 16-18 | 19-21 || total
-------------------------+-------+-------+-------+-------+-------+-------+-------++-------
Melee: Executioner's axe |     1 |       |       |       |     4 |     7 |     3 ||    15
 Stab: Distracted        |       |       |       |       |       |       |     1 ||     1
Dodge: Dodged            |       |       |       |       |       |     2 |       ||     2

Table legend: (Time is in decaauts)
 A = Elapsed time spent in this place.
 B = Non-inter-level travel time spent in this place.
 C = Inter-level travel time spent in this place.
 D = Time resting spent in this place.
 E = Time spent auto-exploring this place.
 F = Levels seen in this place.
 G = Mean time per level.
                   A        B        C        D        E       F      G
               +--------+--------+--------+--------+--------+-----+--------+
         Total |     23 |     23 |      0 |      0 |      1 |   1 |   23.0 |
       Dungeon |     23 |     23 |      0 |      0 |      1 |   1 |   23.0 |
               +--------+--------+--------+--------+--------+-----+--------+

Top non-repeatable levels by time:
       D: 23 daAuts
